 Dungeon Crawl Stone Soup version 0.27.1-34-g3ba077fa99 (webtiles) character file.

Game seed: 12690778314806950771

242 boopmooplesden the Shield-Bearer (level 5, -15/47 HPs)
             Began as a Minotaur Fighter on Jan 5, 2022.
             Demolished by an ogre (19 damage)
             ... on level 5 of the Dungeon.
             The game lasted 00:04:09 (3665 turns).

boopmooplesden the Shield-Bearer (Minotaur Fighter) Turns: 3665, Time: 00:04:09

Health: -15/47     AC: 12    Str: 21    XL:     5   Next: 82%
Magic:  4/4        EV:  4    Int:  5    God:
Gold:   177        SH: 10    Dex: 10    Spells: 4/4 levels left

rFire    . . .     SeeInvis .   a - +0 flail
rCold    . . .     Faith    .   c - +0 kite shield
rNeg     . . .     Spirit   .   l - +0 plate armour
rPois    .         Reflect  .   (helmet restricted)
rElec    .         Harm     .   (no cloak)
rCorr    .         Rampage  .   (no gloves)
Will     .....                  (no boots)
Stlth    ..........             (no amulet)
HPRegen  0.15/turn              (no ring)
MPRegen  0.09/turn              (no ring)

@: no status effects
A: horns 2, retaliatory headbutt
a: no special abilities


You were on level 5 of the Dungeon.
You visited 1 branch of the dungeon, and saw 5 of its levels.

You collected 177 gold pieces.

Inventory:

Hand Weapons
 a - a +0 flail (weapon)
Armour
 b - a +0 scale mail
 c - a +0 kite shield (worn)
 l - a +0 plate armour (worn)
Jewellery
 m - a ring of ice
 p - an amulet of faith
Scrolls
 e - a scroll of silence {unknown}
 f - 3 scrolls of teleportation
 i - a scroll of blinking {unknown}
 o - a scroll of identify
 q - a scroll of enchant armour {unknown}
 s - a scroll of holy word {unknown}
 t - a scroll of amnesia {unknown}
Potions
 d - a potion of might
 g - 5 potions of curing
 h - 3 potions of brilliance
 j - a potion of mutation {unknown}
 k - a potion of heal wounds {unknown}
 n - 2 potions of berserk rage {unknown}
 r - a potion of flight {unknown}


   Skills:
 + Level 4.3 Fighting
 + Level 4.7 Maces & Flails
 + Level 5.0 Armour
 + Level 0.6 Dodging
 + Level 5.1 Shields


You had 4 spell levels left.
You didn't know any spells.
Your spell library contained the following spells:

 Spells                   Type           Power      Damage    Failure   Level
 Beastly Appendage        Tmut           0%         N/A       100%        1
 Summon Small Mammal      Summ           0%         N/A       100%        1
 Wereblood                Tmut           0%         N/A       100%        2
 Call Canine Familiar     Summ           0%         N/A       100%        3
 Spider Form              Tmut/Pois      0%         N/A       100%        3
 Summon Guardian Golem    Hex/Summ       0%         N/A       100%        3


Dungeon Overview and Level Annotations

Branches:
Dungeon (5/15)
 Temple: D:4-7

Altars:
Fedhas

Shops:
D:5 =

Annotations:
D:5 1 runed translucent door, Crazy Yiuf


Innate Abilities, Weirdness & Mutations

You have a pair of horns on your head.
You reflexively headbutt those who attack you in melee.


Message History

The hound zombie bites you.
The hound zombie bites you but does no damage.
You sock the hound zombie!
The hound zombie is severely damaged.
The hound zombie bites you but does no damage.
You block the hound zombie's attack.
You hit the hound zombie. You headbutt the hound zombie.
The hound zombie is almost destroyed.
The hound zombie bites you but does no damage. x2
Your shield and plate armour prevent you from hitting the hound zombie.
You headbutt the hound zombie.
You destroy the hound zombie!
Your Armour skill increases to level 5!
Found 10 poisoned darts.
You see here 9 sling bullets.
Found a mace.
Found a runed translucent door.
Found a stone staircase leading up.
Found a scroll of teleportation.
There is a stone staircase leading up here.
f - 3 scrolls of teleportation (gained 1)
Found a stone staircase leading down.
Found 29 sling bullets.
Found Koepnog's Jewellery Shop.
You see here 29 sling bullets.
An ogre comes into view. It is wielding a +0 giant spiked club.
The ogre shouts!
An ogre is nearby!
An ogre is nearby!
The ogre hits you with a +0 giant spiked club!!
Ouch! That really hurt!
You barely miss the ogre. You block the ogre's attack.
You thump the ogre!
The ogre is moderately wounded.
The ogre hits you with a +0 giant spiked club!!
* * * LOW HITPOINT WARNING * * *
Your plate armour prevents you from hitting the ogre.
You headbutt the ogre!
The ogre is severely wounded.
The ogre hits you with a +0 giant spiked club!!
You die...

##.###.####
## #.##.....#
#. #.##..##.#
#. #.....(#.#
#. ####...#.#
#. #.......#
#. #.###.###
#.
##.###O######
#.
#.....@.....#
#.
#..###.####.#
#. # ..∩ #.
##..# #. #..#
#. #... #.
#.## #. #.#
#. #.


You could see an ogre.

Vanquished Creatures
  A centaur (D:5)
  A hound zombie (D:5)
  A hound skeleton (D:4)
  A gnoll (D:4)
  3 adders (D:3)
  2 worms
  4 dart slugs
  7 orcs
  9 ball pythons
  3 endoplasms (D:1)
  2 giant cockroaches (D:1)
  5 goblins
  4 hobgoblins
  4 jackals (D:1)
  7 kobolds
  5 quokkas
  6 bats
  5 frilled lizards
  8 rats
78 creatures vanquished.

Notes
Turn   | Place    | Note
-------+----------+-------------------------------------------
     0 | D:1      | boopmooplesden the Minotaur Fighter began the quest for the
                  | Orb.
     0 | D:1      | Reached XP level 1. HP: 19/19 MP: 0/0
    28 | D:1      | Reached XP level 2. HP: 4/27 MP: 1/1
   509 | D:1      | Found a faded altar of an unknown god.
   747 | D:1      | Reached XP level 3. HP: 32/33 MP: 2/2
  1822 | D:3      | Reached XP level 4. HP: 40/40 MP: 3/3
  2685 | D:4      | Found a blossoming altar of Fedhas.
  2921 | D:4      | Reached XP level 5. HP: 46/46 MP: 4/4
  2939 | D:5      | Entered Level 5 of the Dungeon
  3179 | D:5      | Noticed a centaur
  3188 | D:5      | Killed a centaur
  3189 | D:5      | Reached skill level 5 in Shields
  3410 | D:5      | Reached skill level 5 in Armour
  3549 | D:5      | Found a runed translucent door.
  3550 | D:5      | Noticed Crazy Yiuf
  3655 | D:5      | Found Koepnog's Jewellery Shop.
  3658 | D:5      | Noticed an ogre
  3665 | D:5      | Demolished by an ogre

Illustrated notes

Levels and vault maps discovered:
D:1:      onia_arrival_pentagram, layout_loops_corners,
          dreamdust_ecumenical_altar_grove, minmay_hexomino_u4
D:2:      layout_rooms
D:3:      layout_loops_cross, minmay_misc_feat_secret_circle
D:4:      layout_cave_pools, mainiacjoe_overflow_small_starburst,
          lemuel_blue_sif_altar, minmay_misc_feat_iff, minmay_diced_spiral
D:5:      layout_loops_ring, serial_shops, shop, uniq_crazy_yiuf_cottage

Skill      XL: |  1  2  3  4  5 |
---------------+----------------+-----
Shields        | 4 5 |  5.1
Armour         | 4 5 |  5.0
Maces & Flails | 3 4 |  4.7
Fighting       | 4 |  4.3
Dodging        | |  0.6

Action                   |  1- 3 |  4- 6 || total
-------------------------+-------+-------++-------
Melee: Flail             |   112 |    79 ||   191
       Headbutt          |    11 |    14 ||    25
  Use: Scroll            |     5 |       ||     5
Armor: Scale mail        |    64 |    17 ||    81
       Plate armour      |       |    39 ||    39
Dodge: Dodged            |    42 |    19 ||    61
Block: Kite shield       |    70 |    56 ||   126
